 Dungeon Crawl Stone Soup version 0.17.1-3-g152610e (webtiles) character file.

88186 Heskey the Warrior (level 15, -1/130 HPs)
             Began as a Demonspawn Fighter on Mar 26, 2016.
             Was the Champion of Okawaru.
             Slain by an entropy weaver (7 damage)
             ... on level 1 of the Spider Nest.
             The game lasted 01:34:38 (21147 turns).

Heskey the Warrior (Demonspawn Fighter)            Turns: 21147, Time: 01:34:38

Health: -1/130     AC:  1    Str: 28    XL:     15   Next: 45%
Magic:  8/8        EV:  6    Int: 10    God:    Okawaru [******]
Gold:   1940       SH:  0    Dex: 14    Spells: 0 memorised, 14 levels left

rFire  . . .     SeeInvis .     B - +6 dire flail of Mutargh {antimagic, Str+4}
rCold  . . .     Clarity  .     v - +2 crystal plate armour
rNeg   + . .     SustAt   .     (shield currently unavailable)
rPois  +         Gourm    .     T - +1 hat
rElec  .         Spirit   .     R - +2 cloak {rPois}
rCorr  .         Warding  .     A - +0 pair of gloves
rMut   .         Stasis   .     w - +0 pair of boots
MR     +....                    X - amulet of regeneration
Stlth  ..........               O - ring "Zoubas" {rN+ AC+2 Str+3}
                                Y - ring of poison resistance

@: confused, corroded equipment, studying Fighting, somewhat resistant to
hostile enchantments, extremely unstealthy
A: horns 2, thin metallic scales 2, powered by death 3, spiny 2
a: Heroism, Finesse, Renounce Religion


You were on level 1 of the Spider Nest.
You worshipped Okawaru.
Okawaru was exalted by your worship.
You were hungry.

You visited 5 branches of the dungeon, and saw 25 of its levels.
You also visited: Labyrinth.

You collected 2066 gold pieces.
You spent 126 gold pieces at shops.

Inventory:

Hand Weapons
 y - a +4 flail of protection
 B - the +6 dire flail of Mutargh (weapon) {antimagic, Str+4}
   (You found it on level 14 of the Dungeon)

   It disrupts the flow of magical energy around spellcasters and certain
   magical creatures (including the wielder).
   It affects your strength (+4).
 W - a +6 great mace of protection
Armour
 q - the +4 shield of Okawaru's Outrage {+Blink rElec MR+++ Str-5}
   (Okawaru gifted it to you on level 5 of the Lair of Beasts)

   It affects your strength (-5).
   It insulates you from electricity.
   It affects your resistance to hostile enchantments.
   It lets you blink.
 v - a +2 crystal plate armour (worn)
 w - a +0 pair of boots (worn)
 A - a +0 pair of gloves (worn)
 D - a +2 cloak of magic resistance
 R - a +2 cloak of poison resistance (worn)
 T - a +1 hat (worn)
Jewellery
 k - an uncursed ring of flight
 O - the ring "Zoubas" (right hand) {rN+ AC+2 Str+3}
   (You found it on level 3 of the Lair of Beasts)

   [ring of protection]

   It affects your AC (+2).
   It affects your strength (+3).
   It protects you from negative energy.
 X - an amulet of regeneration (around neck)
 Y - a ring of poison resistance (left hand)
Wands
 a - a wand of flame (31)
 j - a wand of lightning (9)
 n - a wand of digging (13)
 o - a wand of lightning (6)
 r - a wand of magic darts (31)
 s - a wand of frost (30)
 t - a wand of flame (29)
 x - a wand of fireball (8)
 F - a wand of flame (39)
 G - a wand of fire (13)
 I - a wand of magic darts (9)
 N - a wand of disintegration (12)
 S - a wand of flame (48)
Scrolls
 g - 4 scrolls of teleportation
 p - 3 scrolls of remove curse
 u - 2 scrolls of magic mapping
 C - 3 scrolls of blinking
 Z - 5 scrolls of fear
Potions
 b - a potion of cure mutation
 d - a potion of heal wounds
 i - 2 potions of magic
 l - 7 potions of curing
 m - a potion of agility
 H - a potion of berserk rage
 M - 4 potions of might
Books
 f - a manual of Fighting
Miscellaneous
 J - 2 phantom mirrors
 V - a fan of gales (inert)
Comestibles
 c - 10 fruits
 e - 9 bread rations
 h - 13 meat rations
 z - 9 beef jerkies
 E - 9 royal jellies
 Q - a slice of pizza


   Skills:
 + Level 15.7 Fighting
 + Level 13.1 Maces & Flails
 + Level 13.5 Armour
 - Level 2.6 Shields
 - Level 13.6 Invocations


You had 14 spell levels left.
You didn't know any spells.

Dungeon Overview and Level Annotations

Branches:
Dungeon (14/15)            Temple (1/1) D:6            Lair (8/8) D:8
  Swamp (0/4) Lair:4       Spider (1/4) Lair:6        Slime (0/6) Lair:6
    Orc (0/4) D:10         Vaults (0/5) D:14           Hell (1/1)
    Dis: Hell:1         Geh: Hell:1         Coc: Hell:1         Tar: Hell:1

Altars:
Ashenzari
Cheibriados
Dithmenos
Elyvilon
Fedhas
Gozag
Kikubaaqudgha
Makhleb
Nemelex Xobeh
Okawaru
Ru
Sif Muna
Trog
Vehumet
Xom
Yredelemnul
Zin
The Shining One
Jiyva

Shops:
D:8 [   D:11 }   D:12 [

Portals:
Hell: Lair:8

Annotations:
D:11 kaze's ghost, journeyman GrBe
D:14 kaze's ghost, journeyman GrBe
Lair:2 exclusion: oklob plant
Hell Geryon


Innate Abilities, Weirdness & Mutations

You have a pair of horns on your head.
You are mostly covered in thin metallic scales (AC +3).
You regenerate a lot of health from kills.
You are mostly covered in sharp spines.


Message History

The entropy weaver hits you!
* * * LOW HITPOINT WARNING * * *
The entropy weaver hits you!
* * * LOW HITPOINT WARNING * * *
The entropy weaver hits you but does no damage.
Drink which item? (? for menu, Esc to quit)
You feel much better.
Your air elemental closely misses the jumping spider.
Your air elemental hits the jumping spider!
The jumping spider pounces on you.
* * * LOW HITPOINT WARNING * * *
The jumping spider bites you but does no damage.
The entropy weaver is struck by your spines.
The entropy weaver hits you!
* * * LOW HITPOINT WARNING * * *
The entropy weaver hits you!
* * * LOW HITPOINT WARNING * * *
The entropy weaver hits you but does no damage.
The entropy weaver hits you!
You die...

....#...#.#
#......#.## ##.
#.........#
...##.##.......#
....####......##
#####...####......#
........####.E..##
##.......####s..##
#........##p@....#
#........ss####^##
#..........## ###
.####...........#
...#...........#
###.#........##.#
..........#####.#
..##..#.### ##.
#....###.# ..


You could see an entropy weaver, an orb spider, a jumping spider, a spider and a
friendly air elemental.

Vanquished Creatures
  Rupert (Lair:3)
  Kirke (Lair:4)
  Nessos (D:13)
  A dire elephant (Lair:8)
  Azrael (D:13)
  A minotaur (Lab)
  2 vault guards (D:14)
  The ghost of nublet the Grappler, a journeyman DrTm of Fedhas (Lair:3)
  The ghost of Heskey the Fighter, a journeyman DsFi of Makhleb (D:13)
  6 hydras
  A catoblepas (D:14)
  5 centaur warriors
  4 death yaks
  2 sun demons (Lair:8)
  An unseen horror (shapeshifter) (D:14)
  A skeletal warrior (D:14)
  8 hill giants
  Pikel (D:5)
  A giant orange brain (D:14)
  A necromancer (D:14)
  2 wizards
  2 ugly things
  3 wolf spiders (Spider:1)
  A wolf spider zombie (D:14)
  4 cyclopes
  4 elephants
  2 griffons
  A sixfirhy (Lair:8)
  3 manticores
  3 orange demons (Lair:8)
  A smoke demon (Lair:8)
  3 black mambas
  2 rust devils (Lair:8)
  2 gargoyles (D:12)
  A torpor snail (Lair:5)
  10 spiny frogs
  17 komodo dragons
  5 red devils (Lair:8)
  A fire drake (Lair:8)
  A tengu conjurer (D:13)
  4 trolls
  5 polar bears
  2 blue devils (Lair:8)
  Prince Ribbit (D:6)
  3 two-headed ogres
  2 boulder beetles
  A hornet zombie (D:14)
  11 blink frogs
  2 trapdoor spiders
  3 slime creatures (D:12)
  2 wraiths
  Sigmund (D:5)
  18 humans (D:14)
  2 deep elf magi
  2 tarantellas (Spider:1)
  7 hippogriffs
  3 hogs (Lair:5)
  A deep elf fighter (D:14)
  3 wyverns
  48 yaks
  2 hungry ghosts
  Grum (D:10)
  11 wolves
  4 fire elementals (D:13)
  Edmund (D:6)
  5 vampire mosquitoes (D:12)
  4 hell hounds (D:13)
  2 mottled dragons
  8 porcupines
  15 water moccasins
  Duvessa (D:4)
  5 ice beasts
  6 ogres
  An eye of draining (shapeshifter) (D:14)
  11 spiders
  7 necrophages
  3 sky beasts
  2 eyes of draining
  11 orc warriors
  9 centaurs
  2 wasps (D:8)
  3 phantoms
  10 black bears
  3 slaves (D:5)
  14 crocodiles
  5 big kobolds
  5 brain worms (D:14)
  23 giant frogs
  Dowan (D:4)
  A water moccasin zombie (D:7)
  A wyvern zombie (D:13)
  A wyvern skeleton (D:14)
  16 killer bees
  4 scorpions
  An electric eel (D:8)
  7 wights
  6 crimson imps
  5 hounds
  3 jellies
  7 centaur zombies
  9 orc priests
  A gnoll shaman (D:4)
  A giant frog zombie (D:12)
  Ijyb (D:3)
  4 giant frog skeletons
  15 orc wizards
  Jessica (D:3)
  3 centaur skeletons
  6 hell rats (Lair:4)
  11 iguanas
  A killer bee zombie (D:10)
  44 sheep
  12 worker ants
  2 hound zombies (D:7)
  13 adders
  13 gnolls
  39 river rats
  4 shadow imps
  An adder skeleton (D:4)
  2 adder zombies
  5 worms
  7 giant geckos
  64 orcs
  9 bats
  7 giant cockroaches
  9 goblins
  12 hobgoblins
  9 jackals
  31 kobolds
  3 quokkas
  2 ball pythons
  A ball python skeleton (D:4)
  4 giant newts
  A jackal skeleton (D:8)
  2 jackal zombies
  A quokka skeleton (D:7)
  9 rats
  4 rat zombies (D:2)
  A fungus (Lair:8)
821 creatures vanquished.

Vanquished Creatures (others)
  3 fungi
  A plant (Lair:4)
4 creatures vanquished.

Grand Total: 825 creatures vanquished

Notes
Turn   | Place    | Note
--------------------------------------------------------------
     0 | D:1      | Heskey the Demonspawn Fighter began the quest for the Orb.
     0 | D:1      | Reached XP level 1. HP: 18/18 MP: 1/1
   249 | D:1      | Gained mutation: You are partially covered in sharp spines. [demonic ancestry]
   249 | D:1      | Reached XP level 2. HP: 18/24 MP: 2/2
   816 | D:1      | Gained mutation: You are partially covered in thin metallic scales (AC +2). [demonic ancestry]
   816 | D:1      | Reached XP level 3. HP: 29/29 MP: 3/3
  1497 | D:2      | Reached skill level 4 in Fighting
  1640 | D:2      | Found an ancient bone altar of Kikubaaqudgha.
  1678 | D:2      | Gained mutation: You have a pair of small horns on your head. [demonic ancestry]
  1678 | D:2      | Reached XP level 4. HP: 33/37 MP: 4/4
  2287 | D:3      | Noticed Ijyb
  2295 | D:3      | Killed Ijyb
  2367 | D:3      | Gained mutation: You are mostly covered in thin metallic scales (AC +3). [demonic ancestry]
  2367 | D:3      | Reached XP level 5. HP: 43/43 MP: 5/5
  2546 | D:3      | Reached skill level 5 in Fighting
  2551 | D:3      | Noticed Jessica
  2556 | D:3      | Killed Jessica
  2672 | D:4      | Found a sparkling altar of Nemelex Xobeh.
  2700 | D:4      | Gained mutation: You regenerate a little health from kills. [demonic ancestry]
  2700 | D:4      | Reached XP level 6. HP: 51/51 MP: 6/6
  3354 | D:4      | Noticed Duvessa
  3359 | D:4      | Noticed Dowan
  3373 | D:4      | Killed Duvessa
  3373 | D:4      | Reached skill level 6 in Fighting
  3373 | D:4      | Gained mutation: You have a pair of horns on your head. [demonic ancestry]
  3373 | D:4      | Reached XP level 7. HP: 23/58 MP: 7/7
  3384 | D:4      | Killed Dowan
  3847 | D:5      | Entered Level 5 of the Dungeon
  3962 | D:5      | Found a radiant altar of Vehumet.
  4019 | D:5      | Noticed Sigmund
  4031 | D:5      | Killed Sigmund
  4081 | D:5      | Reached skill level 7 in Fighting
  4195 | D:5      | Noticed Pikel
  4244 | D:5      | Reached XP level 8. HP: 67/67 MP: 8/8
  4253 | D:5      | Reached skill level 5 in Armour
  4278 | D:5      | Killed Pikel
  4278 | D:5      | Reached skill level 8 in Fighting
  4278 | D:5      | Reached skill level 5 in Maces & Flails
  4547 | D:6      | Found a staircase to the Ecumenical Temple.
  4552 | Temple   | Entered the Ecumenical Temple
  4591 | Temple   | Became a worshipper of Warmaster Okawaru
  4671 | D:6      | Found a basalt altar of Yredelemnul.
  4828 | D:6      | Found a white marble altar of Elyvilon.
  4879 | D:6      | Reached skill level 9 in Fighting
  4881 | D:6      | Reached XP level 9. HP: 64/76 MP: 9/9
  4922 | D:6      | Noticed Prince Ribbit
  4932 | D:6      | Killed Prince Ribbit
  4932 | D:6      | Reached * piety under Okawaru
  5018 | D:6      | Noticed Edmund
  5033 | D:6      | Killed Edmund
  5528 | D:7      | Found a deep blue altar of Sif Muna.
  5529 | D:7      | Found a shadowy altar of Dithmenos.
  5537 | D:7      | Found a shattered altar of Ashenzari.
  5540 | D:7      | Found a blossoming altar of Fedhas.
  5644 | D:7      | Reached ** piety under Okawaru
  5644 | D:7      | Reached skill level 10 in Fighting
  5849 | D:7      | Found a sacrificial altar of Ru.
  6506 | D:8      | Found a burning altar of Makhleb.
  6549 | D:8      | Found Ehuser's Antique Armour Shoppe.
  6555 | D:8      | Bought an embroidered cloak for 126 gold pieces
  6586 | D:8      | Found a shimmering altar of Xom.
  6586 | D:8      | Found a shimmering altar of Xom.
  6586 | D:8      | Found a shimmering altar of Xom.
  6586 | D:8      | Found a shimmering altar of Xom.
  6587 | D:8      | Found a shimmering altar of Xom.
  6587 | D:8      | Found a shimmering altar of Xom.
  6591 | D:8      | Found a shimmering altar of Xom.
  6648 | D:8      | Gained mutation: You are mostly covered in sharp spines. [demonic ancestry]
  6648 | D:8      | Reached XP level 10. HP: 78/86 MP: 10/10
  6755 | D:8      | Found a bloodstained altar of Trog.
  6758 | D:8      | Reached *** piety under Okawaru
  6845 | D:8      | Noticed a cyclops
  6845 | D:8      | Noticed a shock serpent
  6845 | D:8      | a cyclops changed into a shock serpent
  6852 | D:8      | Noticed a shining eye
  6852 | D:8      | a shock serpent changed into a shining eye
  6877 | D:8      | Found a staircase to the Lair.
  6889 | D:8      | Reached skill level 11 in Fighting
  7232 | D:9      | Reached **** piety under Okawaru
  7575 | D:10     | Entered Level 10 of the Dungeon
  7604 | D:10     | Noticed a hill giant
  7613 | D:10     | Killed a hill giant
  7624 | D:10     | Found a staircase to the Orcish Mines.
  7756 | D:10     | Noticed Grum
  7766 | D:10     | Reached XP level 11. HP: 84/93 MP: 11/13
  7773 | D:10     | Killed Grum
  7906 | D:10     | Identified the Disquisition on Companions
  8003 | D:10     | Reached ***** piety under Okawaru
  8246 | D:11     | Noticed a hill giant
  8252 | D:11     | Killed a hill giant
  8361 | D:11     | Received a gift from Okawaru
  8371 | D:11     | Noticed a hill giant
  8404 | D:11     | Reached skill level 5 in Invocations
  8433 | D:11     | Killed a hill giant
  8564 | D:11     | Found Itwuthis's Gadget Shop.
  8611 | D:11     | Noticed kaze's ghost (journeyman GrBe)
  8704 | D:12     | Reached skill level 12 in Fighting
  8802 | D:12     | Found Muymiapre's Antique Armour Boutique.
  9054 | D:12     | Found a labyrinth entrance.
  9061 | Lab      | Entered a labyrinth
  9564 | Lab      | Noticed a minotaur
  9579 | Lab      | Killed a minotaur
  9602 | Lab      | Identified the Almanac of Enchantment and Envenoming (You found it in a labyrinth)
  9650 | D:12     | Noticed a hill giant
  9659 | D:12     | Killed a hill giant
  9659 | D:12     | Reached XP level 12. HP: 45/103 MP: 17/17
  9865 | D:12     | Reached skill level 10 in Armour
  9888 | D:12     | Received a gift from Okawaru
 10187 | D:13     | Noticed Nessos
 10219 | D:13     | Killed Nessos
 10219 | D:13     | Reached skill level 10 in Maces & Flails
 10410 | D:13     | Noticed Heskey's ghost (journeyman DsFi)
 11237 | D:13     | Noticed Azrael
 11290 | D:13     | Killed Azrael
 11290 | D:13     | Reached skill level 13 in Fighting
 11339 | D:13     | Gained mutation: You have a pair of large horns on your head. [potion of mutation]
 11339 | D:13     | Gained mutation: You are frail (-10% HP). [potion of mutation]
 11339 | D:13     | Gained mutation: You are dopey. (Int -2) [potion of mutation]
 12119 | D:13     | Killed Heskey's ghost
 12233 | D:13     | Received a gift from Okawaru
 12236 | D:13     | Got a transparent shield {god gift}
 12247 | D:13     | Identified the -1 shield of the Barracuda {*Corrode Str+8 SInv} (Okawaru gifted it to you on level 13 of the Dungeon)
 12644 | D:13     | Lost mutation: You are dopey. (Int -2) [potion of cure mutation]
 12644 | D:13     | Lost mutation: You have a pair of large horns on your head. [potion of cure mutation]
 12644 | D:13     | Lost mutation: You are frail (-10% HP). [potion of cure mutation]
 12699 | D:13     | Reached skill level 10 in Invocations
 12712 | D:13     | Noticed a centaur warrior
 12721 | D:13     | Killed a centaur warrior
 12863 | D:14     | Noticed a four-headed hydra
 12874 | D:13     | Killed a four-headed hydra
 12874 | D:13     | Gained mutation: You regenerate health from kills. [demonic ancestry]
 12874 | D:13     | Reached XP level 13. HP: 106/111 MP: 20/20
 13235 | D:14     | Noticed a vault guard
 13262 | D:14     | Killed a vault guard
 13335 | D:14     | Noticed a vault guard
 13360 | D:14     | Killed a vault guard
 13477 | D:14     | Found a gate to the Vaults.
 13655 | D:14     | Noticed a centaur warrior
 13665 | D:14     | Killed a centaur warrior
 13699 | D:14     | Noticed a centaur warrior
 13709 | D:14     | Killed a centaur warrior
 13749 | D:14     | Received a gift from Okawaru
 13831 | D:14     | Noticed a centaur warrior
 13840 | D:14     | Killed a centaur warrior
 13874 | D:14     | Got a polished dire flail
 13875 | D:14     | Identified the +6 dire flail of Mutargh {antimagic, Str+4} (You found it on level 14 of the Dungeon)
 13888 | D:14     | Noticed a six-headed hydra
 13896 | D:14     | Killed a six-headed hydra
 14010 | D:14     | Noticed a centaur warrior
 14024 | D:14     | Killed a centaur warrior
 14037 | D:14     | Noticed a catoblepas
 14048 | D:14     | Killed a catoblepas
 14048 | D:14     | Reached skill level 14 in Fighting
 14238 | D:14     | Noticed kaze's ghost (journeyman GrBe)
 14672 | Lair:1   | Entered Level 1 of the Lair of Beasts
 14672 | Lair:1   | Found an iron altar of Okawaru.
 14866 | Lair:1   | Reached ****** piety under Okawaru
 15178 | Lair:1   | Reached XP level 14. HP: 94/120 MP: 7/22
 15290 | Lair:1   | Received a gift from Okawaru
 16160 | Lair:3   | Noticed Rupert
 16181 | Lair:3   | Paralysed by Rupert for 5 turns
 16199 | Lair:3   | Killed Rupert
 16363 | Lair:3   | Got a steaming amber ring
 16456 | Lair:3   | Identified the ring "Zoubas" {rN+ AC+2 Str+3} (You found it on level 3 of the Lair of Beasts)
 16736 | Lair:3   | Received a gift from Okawaru
 16966 | Lair:3   | Noticed nublet's ghost (journeyman DrTm)
 16979 | Lair:3   | Killed nublet's ghost
 17288 | Lair:4   | Found a staircase to the Swamp.
 18119 | Lair:5   | Noticed Kirke
 18192 | Lair:5   | Noticed a sphinx
 18199 | Lair:4   | Killed Kirke
 18587 | Lair:5   | Received a gift from Okawaru
 18601 | Lair:5   | Got a distressingly furry shield {god gift}
 18613 | Lair:5   | Identified the +4 shield of Okawaru's Outrage {+Blink rElec MR+++ Str-5} (Okawaru gifted it to you on level 5 of the Lair of Beasts)
 18963 | Lair:6   | Found a hole to the Spider Nest.
 19071 | Lair:6   | Found a viscous altar of Jiyva.
 19071 | Lair:6   | Found a staircase to the Slime Pits.
 19585 | Lair:7   | Gained mutation: You regenerate a lot of health from kills. [demonic ancestry]
 19585 | Lair:7   | Reached XP level 15. HP: 127/127 MP: 8/25
 19674 | Lair:7   | Reached skill level 15 in Fighting
 20046 | Lair:8   | Entered Level 8 of the Lair of Beasts
 20313 | Lair:8   | Found a burning altar of Makhleb.
 20334 | Lair:8   | Received a gift from Okawaru
 20362 | Lair:8   | Found a gateway to Hell.
 20404 | Hell     | Entered the Vestibule of Hell
 20404 | Hell     | Noticed Geryon
 21024 | Spider:1 | Entered Level 1 of the Spider Nest
 21029 | Spider:1 | Received a gift from Okawaru
 21147 | Spider:1 | HP: 6/130 [entropy weaver (14)]
 21147 | Spider:1 | Slain by an entropy weaver

Action                   |  1- 3 |  4- 6 |  7- 9 | 10-12 | 13-15 || total
-------------------------+-------+-------+-------+-------+-------++-------
Melee: Flail             |    95 |    70 |   153 |   787 |   232 ||  1337
       Whip              |       |    39 |   214 |       |       ||   253
       Dire flail        |       |       |       |       |   927 ||   927
       Great mace        |       |       |       |       |    11 ||    11
       Unarmed           |       |       |       |       |     2 ||     2
Invok: Heroism           |       |       |     1 |     3 |     1 ||     5
       Finesse           |       |       |       |     3 |     1 ||     4
Evoke: Wand              |       |       |       |     3 |     9 ||    12
       Fan of gales      |       |       |       |       |     1 ||     1
  Use: Scroll            |       |     6 |     3 |    15 |    22 ||    46
       Potion            |       |     7 |     6 |     5 |    15 ||    33
  Eat: Chunk             |     2 |     7 |     9 |    10 |    19 ||    47
       Bread ration      |       |     1 |     1 |     1 |     1 ||     4
       Fruit             |       |       |       |     1 |     4 ||     5
       Meat ration       |       |       |       |     1 |       ||     1
       Beef jerky        |       |       |       |     2 |     1 ||     3
